 Dungeon Crawl Stone Soup version 0.18-a0-824-g47fe746 (webtiles) character file.

63 JokEr the Insei (level 4, -7/29 HPs)
             Began as an Octopode Transmuter on Dec 17, 2015.
             Mangled by a gnoll
             ... wielding a +0 spear
              (10 damage)
             ... on level 2 of the Dungeon.
             The game lasted 00:03:27 (1960 turns).

JokEr the Insei (Octopode Transmuter)               Turns: 1960, Time: 00:03:27

Health: -7/29      AC:  1    Str:  9    XL:     4   Next: 10%
Magic:  7/7        EV: 12    Int: 16    God:
Gold:   79         SH:  0    Dex: 12    Spells: 1 memorised, 6 levels left

rFire  . . .     SeeInvis .       - Unarmed
rCold  . . .     Gourm    .     (no shield)
rNeg   . . .     Faith    .     (helmet restricted)
rPois  .         Spirit   .     (no amulet)
rElec  .         Dismiss  .     (no ring)
rCorr  .         Reflect  .     (no ring)
SustAt .         Harm     .     (no ring)
MR     .....                    (no ring)
Stlth  ++........               (no ring)
                                (no ring)
                                (no ring)
                                (no ring)

@: appendage, not resistant to hostile enchantments, unstealthy
A: almost no armour, amphibious, 8 rings, constrict 8, tentacle spike 3,
camouflage 1, gelatinous body 1
a: End Transformation


You were on level 2 of the Dungeon.
You were not hungry.
One of your tentacles had a temporary spike.
You visited 1 branch of the dungeon, and saw 3 of its levels.

You collected 79 gold pieces.

Inventory:

Missiles
 a - 63 arrows
Scrolls
 f - a scroll of identify
 j - a scroll of remove curse
 k - a scroll of fear {unknown}
 m - a scroll of enchant armour {unknown}
Potions
 d - a potion of might {unknown}
 e - 2 potions of lignification {unknown}
 i - 2 potions of curing {unknown}
Books
 b - a book of Changes

   Spells                             Type                      Level
   a - Beastly Appendage              Transmutation                1
   b - Sticks to Snakes               Transmutation                2
   c - Spider Form                    Transmutation/Poison         3
   d - Ice Form                       Ice/Transmutation            4
   e - Blade Hands                    Transmutation                5
Comestibles
 c - a bread ration
 g - a beef jerky
 h - a meat ration
 l - a royal jelly


   Skills:
 + Level 2.0 Fighting
 - Level 2.0 Dodging
 + Level 3.7 Unarmed Combat
 - Level 2.0 Spellcasting
 + Level 3.0 Transmutations


You had 6 spell levels left.
You knew the following spells:

 Your Spells              Type           Power        Failure   Level  Hunger
a - Beastly Appendage     Trmt           ##....       8%          1    #......


Dungeon Overview and Level Annotations

Branches:
Dungeon (3/15)

Altars:

Annotations:
D:3 vatarom's ghost, amateur FoFi


Innate Abilities, Weirdness & Mutations

You cannot wear most types of armour.
You are amphibious.
You can wear up to eight rings at the same time.
You can use your tentacles to constrict eight enemies at once.
Your skin changes colour to match your surroundings (Stealth).
Your rubbery body absorbs attacks (AC +1).
One of your tentacles bears a large vicious spike.


Message History

Items here: ))) รทรท a dagger; a spear; a club; a kobold skeleton; a gnoll skeleton The gnoll hits you from afar with a spear.
* * * LOW HITPOINT WARNING * * *
You tentacle-slap the gnoll. You grab the gnoll.
The gnoll is lightly wounded.
You constrict the gnoll. The gnoll closely misses you. The gnoll misses you.
You tentacle-slap the gnoll.
You pierce the gnoll, but do no damage.
The gnoll is moderately wounded.
You constrict the gnoll. The gnoll closely misses you.
The gnoll completely misses you.
You tentacle-slap the gnoll.
The gnoll is heavily wounded.
You constrict the gnoll. The gnoll barely misses you.
The gnoll barely misses you.
You tentacle-slap the gnoll but do no damage.
The gnoll is heavily wounded.
You constrict the gnoll.
The gnoll hits you from afar with a spear!
You die...

###### #....# #....#
## #....# ######## ...
#....#######......#
....
#.>..'............+
g....
#.g..####....[....#
......##g###
#.##......# ........@#
# #+##....#..
##'#.....$......
##......
#..##.........##......
#.. ..#...............
#. #.................
.. #..$..............
.. #.#...............
... ..#...............
.............


You could see 2 gnolls.

Vanquished Creatures
  An adder (D:2)
  2 gnolls (D:2)
  2 giant geckos
  8 bats
  4 hobgoblins
  A ball python (D:2)
  A giant newt (D:1)
  9 goblins
  4 kobolds
  2 rats
34 creatures vanquished.

Notes
Turn   | Place    | Note
--------------------------------------------------------------
     0 | D:1      | JokEr the Octopode Transmuter began the quest for the Orb.
     0 | D:1      | Reached XP level 1. HP: 13/13 MP: 3/3
   124 | D:1      | Reached XP level 2. HP: 12/18 MP: 3/5
   982 | D:1      | Reached XP level 3. HP: 16/23 MP: 6/6
  1571 | D:2      | Reached XP level 4. HP: 19/29 MP: 5/7
  1942 | D:3      | Noticed vatarom's ghost (amateur FoFi)
  1960 | D:2      | Mangled by a gnoll

Vault maps used:
D:1:      saegor_arrival_simple_e, serial_park_tiny_2, st_stairs_7
D:2:      minivault_24, serial_bayou_pond_d, kennysheep_generic_room_4
D:3:      uniq_robin

Action                   |  1- 3 |  4- 6 || total
-------------------------+-------+-------++-------
Melee: Unarmed           |    66 |    11 ||    77
 Cast: Beastly Appendage |     7 |     1 ||     8
  Use: Scroll            |     2 |       ||     2
 Stab: Sleeping          |     8 |       ||     8
  Eat: Chunk             |     2 |     1 ||     3
